 Dungeon Crawl Stone Soup version 0.29-a0-555-g3b24f45cc1 (webtiles) character file.

Game seed: 14086728261189613343

1070 vineage the Skirmisher (level 8, -5/53 HPs)
             Began as a Gargoyle Fighter on June 7, 2022.
             Slain by an ogre
             ... wielding a +0 giant club
              (14 damage)
             ... on level 5 of the Dungeon.
             The game lasted 00:05:38 (6191 turns).

vineage the Skirmisher (Gargoyle Fighter)           Turns: 6191, Time: 00:05:39

Health: -5/53      AC: 13    Str: 20    XL:     8   Next: 28%
Magic:  8/8        EV:  9    Int:  9    God:
Gold:   143        SH:  6    Dex: 11    Spells: 7/7 levels left

rFire   . . .      SeeInvis .   a - +0 flail
rCold   . . .      Faith    .   c - +1 buckler
rNeg    + . .      Spirit   .   b - +0 scale mail
rPois   ∞          Reflect  .   (no helmet)
rElec   +          Harm     .   (no cloak)
rCorr   .          Rampage  .   (no gloves)
Will    .....                   (no boots)
Stlth   ..........              (no amulet)
HPRegen 0.17/turn               (no ring)
MPRegen 0.11/turn               (no ring)

@: studying Throwing
A: sickness immunity, AC +5, negative energy resistance 1, electricity
resistance, torment resistance 1, petrification resistance
a: no special abilities


You were on level 5 of the Dungeon.
You visited 1 branch of the dungeon, and saw 5 of its levels.

You collected 143 gold pieces.

Inventory:

Hand Weapons
 a - a +0 flail (weapon)
Armour
 b - a +0 scale mail (worn)
 c - a +1 buckler (worn)
Jewellery
 g - a ring of protection from cold
 k - an amulet of magic regeneration
Scrolls
 d - 2 scrolls of noise {unknown}
 e - a scroll of summoning
 f - 2 scrolls of fog
 h - 4 scrolls of poison
 n - 2 scrolls of fear
 p - a scroll of magic mapping
 u - a scroll of identify
Potions
 i - 2 potions of flight
 j - a potion of mutation {unknown}
 l - 2 potions of heal wounds
 m - a potion of lignification {unknown}
 o - a potion of magic {unknown}
 q - 2 potions of attraction {unknown}
 r - a potion of cancellation {unknown}
 s - a potion of brilliance {unknown}
 t - a potion of haste {unknown}


   Skills:
 * Level 7.4 Fighting
 + Level 4.5 Maces & Flails
 + Level 5.6 Armour
 + Level 5.6 Shields


You had 7 spell levels left.
You didn't know any spells.
Your spell library contained the following spells:

 Spells                   Type           Power      Damage    Failure   Level
 Inner Flame              Hex/Fire       0%         N/A       99%         3
 Ozocubu's Armour         Ice            0%         N/A       99%         3
 Cause Fear               Hex            0%         N/A       100%        4
 Ozocubu's Refrigeration  Ice            0%         4d5       100%        7
 Discord                  Hex            0%         N/A       100%        8


Dungeon Overview and Level Annotations

Branches:
Dungeon (5/15)             Temple (0/1) D:5

Altars:

Shops:
D:3 ?

Annotations:
D:5 3 runed translucent doors, jazmu's ghost, novice FoFi


Innate Abilities, Weirdness & Mutations

You are immune to sickness and miasma.
Your stone body is resilient. (AC +5)
You are immune to poison.
You resist negative energy. (rN+)
You are resistant to electric shocks. (rElec)
You are resistant to unholy torment.
You are immune to petrification.


Message History

Reactivating autopickup.
You feel a bit more experienced.
Things that are here:
a +1 dagger of speed; a +0 robe
Things that are here:
a +1 dagger of speed; a +0 robe
Things that are here:
a +0 mace; a +0 leather armour
Things that are here:
a +0 mace; a +0 leather armour
Things that are here:
a +0 hand axe; a +0 club; an orc corpse You see here a +0 hunting sling.
An ogre comes into view. It is wielding a +0 giant club.
An ogre is nearby!
You barely miss the ogre.
The ogre hits you with a +0 giant club!!
You hit the ogre.
The ogre is lightly wounded.
The ogre hits you with a +0 giant club!
You are too injured to fight recklessly!
You are too injured to fight recklessly!
You are too injured to fight recklessly!
You are too injured to fight recklessly!
You are too injured to fight recklessly!
You are too injured to fight recklessly!
You are too injured to fight recklessly!
You are too injured to fight recklessly!
You are too injured to fight recklessly!
You are too injured to fight recklessly!
You are too injured to fight recklessly!
You are too injured to fight recklessly!
You hit the ogre.
The ogre is moderately wounded.
The ogre hits you with a +0 giant club!
* * * LOW HITPOINT WARNING * * *
You thump the ogre!
The ogre is severely wounded.
The ogre hits you with a +0 giant club!
You die...

## #.. #.# # #$#
##. #.# #...###.#
#.....#.#
#....O@.####.##
#.#.#.#.......#
#...#.####..#
#.###)### #.#
#...# #.###.#.#
#...))#.#
#########)#.#####
#.........#.....#


You could see an ogre.

Vanquished Creatures
  A water moccasin (D:4)
  A black bear (D:5)
  An ogre (D:5)
  2 necrophages (D:4)
  A scorpion (D:5)
  A jelly (D:5)
  4 hounds
  4 orc priests
  An iguana (D:4)
  Natasha (thrice) (D:4)
  2 orc wizards
  3 adders (D:2)
  4 gnolls (D:3)
  A worm (D:2)
  4 dart slugs
  24 orcs
  2 ball pythons
  6 bats
  7 endoplasms
  2 giant cockroaches
  10 hobgoblins
  2 jackals (D:1)
  9 kobolds
  3 quokkas
  3 frilled lizards
  5 goblins
  13 rats
119 creatures vanquished.

Vanquished Creatures (others)
  18 plants (D:2)
18 creatures vanquished.

Grand Total: 137 creatures vanquished

Notes
Turn   | Place    | Note
-------+----------+-------------------------------------------
     0 | D:1      | vineage the Gargoyle Fighter began the quest for the Orb.
     0 | D:1      | Reached XP level 1. HP: 14/14 MP: 1/1
   345 | D:1      | Reached XP level 2. HP: 19/19 MP: 2/2
   996 | D:1      | Found a faded altar of an unknown god.
  1155 | D:1      | Reached XP level 3. HP: 21/24 MP: 3/3
  1568 | D:1      | Reached skill level 4 in Fighting
  2060 | D:2      | Reached XP level 4. HP: 22/29 MP: 4/4
  2638 | D:3      | Found Huez's Magic Scroll Emporium.
  2963 | D:3      | Reached XP level 5. HP: 34/34 MP: 5/5
  3128 | D:3      | Reached skill level 5 in Fighting
  3586 | D:4      | Noticed Natasha
  3619 | D:4      | Reached XP level 6. HP: 8/40 MP: 6/6
  3622 | D:4      | Killed Natasha
  3895 | D:4      | Noticed a water moccasin
  3908 | D:4      | Killed a water moccasin
  4129 | D:4      | Reached XP level 7. HP: 41/45 MP: 7/7
  4231 | D:4      | Reached skill level 6 in Fighting
  4579 | D:4      | Noticed Natasha
  4585 | D:4      | Killed Natasha
  4706 | D:4      | Noticed Natasha
  4714 | D:4      | Killed Natasha
  4733 | D:5      | Entered Level 5 of the Dungeon
  4742 | D:5      | Reached skill level 5 in Shields
  4797 | D:5      | Reached skill level 5 in Armour
  5628 | D:5      | Noticed jazmu's ghost (novice FoFi)
  5742 | D:5      | Reached skill level 7 in Fighting
  5742 | D:5      | Reached XP level 8. HP: 34/53 MP: 8/8
  5960 | D:5      | Found a staircase to the Ecumenical Temple.
  6106 | D:5      | Found a runed translucent gate.
  6106 | D:5      | Found a runed translucent gate.
  6106 | D:5      | Found a runed translucent gate.
  6191 | D:5      | Slain by an ogre

Illustrated notes

Levels and vault maps discovered:
D:1:      amcnicky_arrival_underground_garden, layout_loops_ring, serial_rivers,
          chequers_serial_rivers_micro_c, chequers_serial_rivers_micro_d,
          chequers_serial_rivers_small_3, chequers_serial_rivers_large_b,
          chequers_serial_rivers_micro_b, chequers_serial_rivers_small_b,
          hellmonk_ecumenical_altar_zigzags, grunt_decor_junction,
          minmay_rat_gold_closets
D:2:      layout_basic, serial_bayou_pond_e, minmay_misc_feat_secret_circle,
          kennysheep_boxes
D:3:      layout_loops_corners, serial_shops, shop
D:4:      layout_basic, wad_floor_pattern_1, uniq_natasha
D:5:      layout_basic, minmay_temple_entry_statues_fountains,
          gammafunk_ghost_icy, hangedman_decor_growths, patterned_corridor

Skill      XL: |  1  2  3  4  5  6  7 |
---------------+----------------------+-----
Fighting       | 4 5 7 |  7.4
Armour         | 4 5 |  5.6
Shields        | 4 5 |  5.6
Maces & Flails | 3 4 |  4.5

Action                   |  1- 3 |  4- 6 |  7- 9 || total
-------------------------+-------+-------+-------++-------
Melee: Flail             |   167 |   167 |   160 ||   494
  Use: Scroll            |     5 |     3 |     1 ||     9
       Potion            |       |     3 |     3 ||     6
Armor: Scale mail        |    86 |    83 |   118 ||   287
Dodge: Dodged            |    73 |    75 |    94 ||   242
Block: Buckler           |    41 |    41 |    60 ||   142

Table legend: (Time is in decaauts)
 A = Elapsed time spent in this place.
 B = Non-inter-level travel time spent in this place.
 C = Inter-level travel time spent in this place.
 D = Time resting spent in this place.
 E = Time spent auto-exploring this place.
 F = Levels seen in this place.
 G = Mean time per level.
                   A        B        C        D        E       F      G
               +--------+--------+--------+--------+--------+-----+--------+
         Total |   6363 |   6180 |    183 |    800 |   4314 |   5 | 1272.6 |
       Dungeon |   6363 |   6180 |    183 |    800 |   4314 |   5 | 1272.6 |
               +--------+--------+--------+--------+--------+-----+--------+

Top non-repeatable levels by time:
     D:1: 1952 daAuts
     D:4: 1636 daAuts
     D:5: 1056 daAuts
     D:3: 995 daAuts
     D:2: 722 daAuts
